 Dungeon Crawl Stone Soup version 0.28-a0-1435-g82390b3a13 (webtiles) character file.

Game seed: 313913716489465368

106 HallandMoats the Skirmisher (level 4, 0/37 HPs)
             Began as a Demonspawn Fighter on Jan 9, 2022.
             Was a Believer of Lugonu.
             Succumbed to Sigmund's poison
             ... on level 2 of the Dungeon.
             The game lasted 00:05:11 (2091 turns).

HallandMoats the Skirmisher (Demonspawn Fighter)    Turns: 2091, Time: 00:05:11

Health: 0/37       AC:  7    Str: 18    XL:     4   Next: 55%
Magic:  4/4        EV:  9    Int: 10    God:    Lugonu [**....]
Gold:   152        SH:  0    Dex: 12    Spells: 3/3 levels left

rFire   . . .      SeeInvis .   a - +1 long sword (vorpal)
rCold   . . .      Faith    .   c - +0 buckler
rNeg    . . .      Spirit   .   d - +0 scale mail
rPois   .          Reflect  .   (no helmet)
rElec   .          Harm     .   e - +0 cloak
rCorr   .          Rampage  .   (no gloves)
Will    .....                   (no boots)
Stlth   ..........              (no amulet)
HPRegen 0.12/turn               (no ring)
MPRegen 0.09/turn               (no ring)

@: confused, lethally poisoned (0 -> -26)
A: large bone plates 1
a: Renounce Religion, Depart the Abyss, Bend Space


You were on level 2 of the Dungeon.
You worshipped Lugonu.
Lugonu was pleased with you.
You visited 1 branch of the dungeon, and saw 2 of its levels.

You collected 152 gold pieces.

Inventory:

Hand Weapons
 a - a +1 vorpal long sword (weapon)
 b - a +3 dagger
Armour
 c - a +0 buckler (worn)
 d - a +0 scale mail (worn)
 e - a +0 cloak (worn)
Potions
 j - a potion of curing
 k - a potion of magic {unknown}
 l - a potion of heal wounds


   Skills:
 * Level 3.8 Fighting
 * Level 2.9 Long Blades
 + Level 3.1 Armour
 + Level 1.1 Dodging
 + Level 3.0 Shields


You had 3 spell levels left.
You didn't know any spells.
Your spell library contained the following spells:

 Spells                   Type           Power      Damage    Failure   Level
 Animate Skeleton         Necr           0%         N/A       83%         1
 Pain                     Necr           0%         1d4       83%         1
 Vampiric Draining        Necr           0%         2d6       99%         3


Dungeon Overview and Level Annotations

Branches:
Dungeon (2/15)

Altars:
Lugonu

Annotations:
D:2 Sigmund


Innate Abilities, Weirdness & Mutations

You are partially covered in large bone plates. (SH +4)


Message History

Sigmund points at you and mumbles some strange words.
The magic dart hits you but does no damage.
There is a stone staircase leading up here.
Okay, then.
You block Sigmund's attack.
You closely miss Sigmund.
Sigmund hits you with a +1 scythe of venom.
You are poisoned.
You barely miss Sigmund.
You feel very sick. You block Sigmund's attack.
You closely miss Sigmund.
You feel sick. You block Sigmund's attack.
You closely miss Sigmund.
You feel sick. Sigmund hits you but does no damage.
You are more poisoned.
You hit Sigmund.
Sigmund is moderately wounded.
You feel very sick.
Sigmund points at you and mumbles some strange words.
You resist with some effort.
You slash Sigmund!
Sigmund is heavily wounded.
You feel sick. Sigmund closely misses you.
You hit Sigmund but do no damage.
Sigmund is heavily wounded.
You feel sick.
Sigmund gestures wildly while chanting.
Sigmund flickers and vanishes!
Deactivating autopickup; reactivate with Ctrl-A.
You feel better.
You hear some strange, mumbled words.
You are confused.
You slash something! Something hits you!
You are lethally poisoned!
You feel very sick.
You feel very sick. Something hits you.
* * * LOW HITPOINT WARNING * * *
You are more poisoned.
You barely miss something.
You die...

#.....[....#.###.# ###
####...#.....##..# ###
##.............## #..
#...............### #..
#.................###..
#..............#...[...
##.....#.......##.##...
#......(.##....##(.##..
#...<.@{.##....###.##..
#.......###............
#........###.#.###.#...
#........# #.#.###.....
#..<.....# #.#...###..#
#........# #.###.....g#
#.......รท###.##........
#########........#..##.
#.......##.....


There were no monsters in sight!

Vanquished Creatures
  Jessica (D:2)
  Terence (D:2)
  An adder (D:2)
  A worm (D:2)
  A dart slug (D:2)
  5 bats (D:1)
  3 endoplasms (D:1)
  5 goblins
  5 hobgoblins
  2 jackals (D:1)
  2 quokkas
  A ball python (D:1)
  A frilled lizard (D:1)
  5 kobolds
  6 rats
40 creatures vanquished.

Notes
Turn   | Place    | Note
-------+----------+-------------------------------------------
     0 | D:1      | HallandMoats the Demonspawn Fighter began the quest for the
                  | Orb.
     0 | D:1      | Reached XP level 1. HP: 18/18 MP: 1/1
   204 | D:1      | Gained mutation: You are partially covered in large bone
                  | plates. (SH +4) [demonic ancestry]
   204 | D:1      | Reached XP level 2. HP: 17/24 MP: 2/2
   228 | D:1      | Found a faded altar of an unknown god.
   855 | D:1      | Reached XP level 3. HP: 25/29 MP: 3/3
  1018 | D:2      | Noticed Jessica
  1023 | D:2      | Killed Jessica
  1119 | D:2      | Reached XP level 4. HP: 33/33 MP: 4/4
  1206 | D:2      | Noticed Terence
  1208 | D:2      | Reached skill level 1 in Dodging
  1221 | D:2      | Killed Terence
  1446 | D:2      | Noticed Sigmund
  2057 | D:1      | Prayed at the altar of an unknown god.
  2057 | D:1      | Became a worshipper of Lugonu the Unformed
  2057 | D:1      | Reached * piety under Lugonu
  2057 | D:1      | Reached ** piety under Lugonu
  2091 | D:2      | Succumbed to Sigmund's poison

Illustrated notes

Levels and vault maps discovered:
D:1:      scummos_arrival_checkerplants, layout_loops_ring,
          hellmonk_ecumenical_altar_arch_garden
D:2:      layout_rooms, uniq_sigmund, uniq_terence, uniq_jessica

Skill      XL: |  1  2  3  4 |
---------------+-------------+-----
Long Blades    | 2 |  2.9
Armour         | 3 |  3.1
Shields        | 3 |  3.0
Dodging        | 1 |  1.1
Fighting       | |  3.8

Action                   |  1- 3 |  4- 6 || total
-------------------------+-------+-------++-------
Melee: Long sword        |   102 |    38 ||   140
  Use: Scroll            |       |     6 ||     6
       Potion            |       |     2 ||     2
Armor: Scale mail        |    52 |     7 ||    59
Dodge: Dodged            |    40 |     7 ||    47
Block: Buckler           |    40 |    18 ||    58

Table legend: (Time is in decaauts)
 A = Elapsed time spent in this place.
 B = Non-inter-level travel time spent in this place.
 C = Inter-level travel time spent in this place.
 D = Time resting spent in this place.
 E = Time spent auto-exploring this place.
 F = Levels seen in this place.
 G = Mean time per level.
                   A        B        C        D        E       F      G
               +--------+--------+--------+--------+--------+-----+--------+
         Total |   2140 |   2109 |     31 |    452 |   1224 |   2 | 1070.0 |
       Dungeon |   2140 |   2109 |     31 |    452 |   1224 |   2 | 1070.0 |
               +--------+--------+--------+--------+--------+-----+--------+

Top non-repeatable levels by time:
     D:1: 1567 daAuts
     D:2: 572 daAuts
